 Dungeon Crawl Stone Soup version 0.27.1-2-g3b301248ec (webtiles) character file.

Game seed: 2917661208245518052

430782 MajorAdolf the Warrior (level 23, -7/235 HPs)
             Began as a Naga Wanderer on Sept 29, 2021.
             Was the Champion of the Shining One.
             Killed from afar by an ancient lich (115 damage)
             ... with a crystal spear
             ... on level 5 of the Vaults.
             The game lasted 02:29:15 (92813 turns).

MajorAdolf the Warrior (Naga Wanderer)             Turns: 92813, Time: 02:29:16

Health: -7/235     AC: 34    Str: 22 (23) XL:     23   Next: 91%
Magic:  37/37      EV:  9    Int: 24      God:    the Shining One [******]
Gold:   3240       SH: 32    Dex: 16      Spells: 18/26 levels left

rFire    + + .     SeeInvis +   O - +7 quick blade "Waunlaomp" {elec, rN++ Str-2}
rCold    + + +     Faith    .   S - +8 tower shield
rNeg     + + +     Spirit   .   c - +2 storm dragon scales {Bai Suzhen}
rPois    +         Reflect  +   (helmet restricted)
rElec    +         Harm     .   p - scarf {rC+ rF+}
rCorr    .         Rampage  +   d - +2 pair of gloves {Dex+3}
Will     ++...                  t - +4 barding {rC+}
Stlth    +.........             u - amulet of Ufuiss {Reflect Rampage SH+5}
HPRegen  0.49/turn              Y - ring of protection from cold
MPRegen  0.25/turn              R - ring of Tiebesk {rF+ Int+6 Dex+4 Slay+2}

@: glowing, studying Maces & Flails, very slow
A: AC +7, large, see invisible, deformed body, poison resistance, slowness 2,
spit poison 1, naga tail 2, horns 1, clever 1, deterioration 1, high mp 1,
strong 1
}: 2/15 runes: decaying, serpentine
a: Spit Poison, Renounce Religion, Divine Shield, Cleansing Flame, Summon Divine
Warrior, Brand Weapon With Holy Wrath


You were on level 5 of the Vaults.
You worshipped the Shining One.
The Shining One was exalted by your worship.
You visited 8 branches of the dungeon, and saw 40 of its levels.
You also visited: Gauntlet, Ice Cave and Volcano.

You collected 7942 gold pieces.
You spent 4702 gold pieces at shops.

Inventory:

Hand Weapons
 O - the +7 quick blade "Waunlaomp" (weapon) {elec, rN++ Str-2}
   (You acquired it on level 2 of the Vaults)

   It occasionally discharges a powerful burst of electricity upon striking a
   foe.
   Str:       It affects your strength (-2).
   rN:        It greatly protects you from negative energy.
Armour
 c - +2 storm dragon scales (worn) {Bai Suzhen}
 d - a +2 pair of gloves of dexterity (worn)
 p - a scarf of resistance (worn)
 t - a +4 barding of cold resistance (worn)
 M - a +2 robe of willpower
 S - a +8 tower shield (worn)
Jewellery
 e - a ring of positive energy
 g - a ring of wizardry
 h - a ring of fire
 u - the amulet of Ufuiss (around neck) {Reflect Rampage SH+5}
   (You took it off a deep elf annihilator on level 3 of the Elven Halls)

   [amulet of reflection]

   It reflects blocked missile attacks.
   SH:        It affects your SH (+5).
   Rampage:   It bestows one free step when moving towards enemies.
 v - a +4 ring of protection
 G - a ring of resist corrosion
 R - the ring of Tiebesk (right hand) {rF+ Int+6 Dex+4 Slay+2}
   (You bought it in a shop on level 10 of the Dungeon)

   [ring of intelligence]

   Int:       It affects your intelligence (+6).
   Dex:       It affects your dexterity (+4).
   Slay:      It affects your accuracy & damage with ranged weapons and melee
   (+2).
   rF:        It protects you from fire.
 Y - a ring of protection from cold (left hand)
Wands
 b - a wand of polymorph (21)
 z - a wand of paralysis (42)
 B - a wand of iceblast (77)
 H - a wand of flame (166)
 J - a wand of mindburst (32)
 Q - a wand of charming (40)
Scrolls
 f - 24 scrolls of identify
 j - 7 scrolls of magic mapping
 k - 5 scrolls of fog
 l - 2 scrolls of enchant weapon
 m - 2 scrolls of fear
 s - 2 scrolls of holy word
 y - 5 scrolls of blinking
 E - a scroll of silence
 F - 7 scrolls of immolation
 L - 5 scrolls of teleportation
 N - 4 scrolls of summoning
 X - a scroll of amnesia
 Z - 2 scrolls of brand weapon
Potions
 i - 7 potions of curing
 n - 9 potions of flight
 o - 5 potions of haste
 r - 6 potions of might
 A - 7 potions of brilliance
 C - 4 potions of resistance
 I - a potion of ambrosia
 K - 4 potions of cancellation
 P - 2 potions of heal wounds
 U - 3 potions of magic
Miscellaneous
 a - a tin of tremorstones (2/2)
 w - a phantom mirror
 x - a phial of floods
 D - a box of beasts
 W - a piece from Xom's chessboard (15/15)


   Skills:
 + Level 19.7 Fighting
 - Level 10.0 Short Blades
 + Level 13.0 Armour
 + Level 14.0 Dodging
 - Level 8.6 Stealth
 + Level 13.0 Shields
 - Level 2.0 Spellcasting
 - Level 2.0 Transmutations
 - Level 2.0 Ice Magic
 - Level 2.6 Poison Magic
 + Level 14.3 Invocations
 - Level 18.0 Evocations


You had 18 spell levels left.
You knew the following spells:

 Your Spells              Type           Power      Damage    Failure   Level
a - Passwall              Tmut/Erth      5%         N/A       67%         2
b - Ozocubu's Armour      Ice            12%        N/A       77%         3
c - Ignite Poison         Fire/Tmut/Pois 9%         N/A       83%         3

Your spell library contained the following spells:

 Spells                   Type           Power      Damage    Failure   Level
 Sting                    Tmut/Pois      52%        1d5       36%         1
 Freeze                   Ice            48%        1d7       38%         1
 Poisonous Vapours        Pois/Air       16%        N/A       63%         2
 Animate Skeleton         Necr           4%         N/A       67%         1
 Foxfire                  Conj/Fire      8%         2x1d4     67%         1
 Magic Dart               Conj           8%         1d3       67%         1
 Sandblast                Erth           4%         2d4       67%         1
 Frozen Ramparts          Ice            24%        1d4       77%         3
 Blink                    Tloc           N/A        N/A       82%         2
 Call Imp                 Summ           2%         N/A       82%         2
 Corpse Rot               Necr/Air       N/A        N/A       82%         2
 Slow                     Hex            2%         N/A       82%         2
 Mephitic Cloud           Conj/Pois/Air  6%         N/A       90%         3
 Call Canine Familiar     Summ           2%         N/A       96%         3
 Confusing Touch          Hex            2%         N/A       96%         3
 Conjure Flame            Conj/Fire      2%         6-21      96%         3
 Inner Flame              Hex/Fire       2%         N/A       96%         3
 Lesser Beckoning         Tloc           1%         N/A       96%         3
 Portal Projectile        Hex/Tloc       4%         N/A       96%         3
 Summon Guardian Golem    Hex/Summ       2%         N/A       96%         3
 Swiftness                Air            2%         N/A       96%         3
 Olgreb's Toxic Radiance  Pois           15%        N/A       97%         4
 Hailstorm                Conj/Ice       7%         3d4       99%         4
 Ice Form                 Ice/Tmut       12%        N/A       99%         4
 Petrify                  Tmut/Erth      7%         N/A       99%         4
 Summon Ice Beast         Ice/Summ       7%         N/A       99%         4
 Animate Dead             Necr           1%         N/A       100%        4
 Dispel Undead            Necr           2%         3d7       100%        4
 Leda's Liquefaction      Hex/Erth       1%         N/A       100%        4
 Bolt of Magma            Conj/Fire/Erth 1%         4d4       100%        5
 Borgnjor's Vile Clutch   Necr/Erth      1%         N/A       100%        5
 Fireball                 Conj/Fire      1%         3d3       100%        5
 Iskenderun's Battlesphe  Conj           2%         2d6       100%        5
 Lee's Rapid Deconstruct  Erth           1%         3d5*      100%        5
 Manifold Assault         Tloc           2%         N/A       100%        5
 Metabolic Englaciation   Hex/Ice        3%         N/A       100%        5
 Summon Mana Viper        Hex/Summ       2%         N/A       100%        5
 Yara's Violent Unravell  Hex/Tmut       3%         3d4       100%        5
 Death Channel            Necr           1%         N/A       100%        6
 Invisibility             Hex            1%         N/A       100%        6
 Iron Shot                Conj/Erth      1%         9d1       100%        6
 Simulacrum               Ice/Necr       3%         N/A       100%        6
 Starburst                Conj/Fire      1%         6d3       100%        6
 Statue Form              Tmut/Erth      4%         N/A       100%        6
 Haunt                    Necr/Summ      1%         N/A       100%        7
 Monstrous Menagerie      Summ           1%         N/A       100%        7
 Ozocubu's Refrigeration  Ice            6%         4d6       100%        7
 Spellforged Servitor     Conj/Summ      1%         N/A       100%        7
 Ignition                 Fire           1%         3d3       100%        8
 Infestation              Necr           1%         N/A       100%        8


Dungeon Overview and Level Annotations

Branches:
Dungeon (15/15)            Temple (1/1) D:4            Lair (6/6) D:11
  Swamp (4/4) Lair:2        Snake (4/4) Lair:4        Slime (0/5) Lair:6
    Orc (2/2) D:9             Elf (3/3) Orc:2        Vaults (5/5) D:13
  Crypt (0/3) Vaults:2     Depths (0/5) D:15          IceCv (visited)
Volcano (visited)         Gauntlet (visited)

Altars:
Ashenzari
Cheibriados
Dithmenos
Elyvilon
Fedhas
Gozag
Hepliaklqana
Kikubaaqudgha
Makhleb
Nemelex Xobeh
Okawaru
Qazlal
Ru
Sif Muna
Trog
Uskayaw
Vehumet
Wu Jian
Xom
Yredelemnul
Zin
The Shining One

Shops:
D:3 (   D:5 (   D:9 [   D:10 ==:   D:15 ?   Orc:2 !**(   Elf:1 !   Elf:2 (
Snake:1 **   Snake:3 ***   Snake:4 *::[   Vaults:1 (([(   Vaults:2 =
Vaults:3 [

Portals:
Trove: D:10 (give 12 potions of heal wounds)

Annotations:
D:4 exclusion: downstairs
D:9 2 transporters, Neebert's ghost, novice OpMo
D:10 Urug
D:12 exclusion: door


Innate Abilities, Weirdness & Mutations

Your serpentine skin is tough. (AC +7)
You have supernaturally acute eyesight. (SInv)
Armour fits poorly on your strangely shaped body.
Your system is resistant to poisons. (rPois)
You cover ground very slowly.
You can spit poison.
You can use your snake-like lower body to constrict enemies.
You have a pair of small horns on your head.
Your mind is acute. (Int +2)
Your body sometimes deteriorates upon taking damage.
You have an increased reservoir of magic. (+10% MP)
Your muscles are strong. (Str +2)


Message History

You rampage towards the yaktaur captain!
You hit the yaktaur captain.
Lightning courses through the yaktaur captain!!
The yaktaur captain is heavily wounded.
You puncture the yaktaur captain!
Lightning courses through the yaktaur captain!
You headbutt the yaktaur captain!
You kill the yaktaur captain!
No target in view!
No target in view!
An ancient lich comes into view.
An ancient lich is nearby!
An ancient lich is nearby!
Things that are here:
a +3 arbalest; 12 bolts; a yaktaur corpse The ancient lich touches you but does no damage.
You hit the ancient lich but do no damage.
Your grab misses the ancient lich. Your headbutt misses the ancient lich.
The ancient lich gestures at you while chanting.
The bolt of acid hits you!!!
You are splashed with acid!
You are too injured to fight recklessly!
You are too injured to fight recklessly!
You are too injured to fight recklessly!
You are too injured to fight recklessly!
Unknown command.
You are too injured to fight recklessly!
Unknown command.
You puncture the ancient lich! You grab the ancient lich.
The ancient lich is lightly damaged.
You constrict the ancient lich, but do no damage.
You hit the ancient lich but do no damage.
The ancient lich is lightly damaged.
You constrict the ancient lich, but do no damage.
You hit the ancient lich.
You headbutt the ancient lich, but do no damage.
The ancient lich is lightly damaged.
You constrict the ancient lich, but do no damage.
The ancient lich casts a spell at you. The crystal spear hits you!!!!
You die...

.........#....#...#
.......)..†........
########...)....####
...^...............
..........<<.......
.^.......<..<......
........))<<.......
#######.....(..####
.......@..........
.#.#.#L#....#.....
.....#....#..###
#.##.#.#....# .# #
#...#....# # .
#.#....# ## .. ....#
#. ....#


You could see an ancient lich.

Vanquished Creatures
  Bai Suzhen (Vaults:2)
  Nikola (Vaults:3)
  A golden dragon (Vaults:4)
  Jorgrun (D:13)
  Rupert (Snake:1)
  A tentacled monstrosity (Vaults:4)
  The ghost of Vaocoss the Warrior, an adept GrFi of Cheibriados (Vaults:1)
  A deep elf blademaster (Elf:3)
  2 titans
  2 deep elf master archers (Elf:3)
  2 sphinxes
  Kirke (D:13)
  3 thorn hunters
  The ghost of Millie the Tortoise, an adept MiFi of Okawaru (Swamp:4)
  A nagaraja (Snake:2)
  2 shadow dragons (Vaults:4)
  An azure jelly (IceCv)
  Roxanne (Snake:3)
  A frost giant (Vaults:4)
  5 deep elf sorcerers
  Aizul (Snake:2)
  15 vault wardens
  3 deep elf elementalists (Elf:3)
  4 very ugly things (Vaults:4)
  2 quicksilver oozes (IceCv)
  17 ironbound preservers
  2 stone giants
  12 deep elf annihilators
  A minotaur (Gauntlet)
  Azrael (D:13)
  4 dire elephants
  5 bunyips
  3 entropy weavers
  9 deep elf death magi
  An ettin (Orc:2)
  5 eleionomae
  A shambling mangrove (Swamp:3)
  Josephine (D:12)
  4 deep elf high priests (Elf:3)
  2 great orbs of eyes
  An ironbound thunderhulk (Vaults:2)
  5 yaktaur captains
  6 boulder beetles
  31 hydras
  A catoblepas (Lair:5)
  5 salamander tyrants
  A spriggan air mage (Swamp:4)
  29 vault guards
  An ogre mage (Vaults:1)
  A ghost crab (Swamp:3)
  24 naga warriors
  A peacekeeper (Vaults:3)
  16 centaur warriors
  5 death knights
  11 ironbound frosthearts
  3 two-headed ogres
  32 dancing weapons
  13 anacondas
  10 alligators
  A two-headed ogre (shapeshifter) (Elf:3)
  2 tengu warriors (D:15)
  17 death yaks
  An orc high priest (Orc:2)
  11 ironbound beastmasters
  A spriggan berserker (Swamp:3)
  5 naga sharpshooters
  8 shock serpents
  24 deep elf knights
  Sonja (Orc:2)
  A fire crab (Volcano)
  6 hell knights
  A fire crab (shapeshifter) (Elf:2)
  4 salamander mystics
  4 skeletal warriors
  3 goliath frogs
  15 bog bodies
  2 spriggan druids (Swamp:2)
  31 deep trolls
  7 naga ritualists
  Pikel (D:4)
  3 sea snakes (Snake:4)
  10 swamp dragons
  18 deep elf archers
  12 ironbound convokers
  5 mana vipers
  5 phantasmal warriors
  6 wizards
  25 lindwurms
  2 orc knights
  3 harpies (Vaults:4)
  33 deep elf zephyrmancers
  20 deep elf pyromancers
  3 orc sorcerers
  5 necromancers
  An oklob plant (Lair:1)
  2 manticores
  4 will-o-the-wisps
  16 salamanders
  30 ugly things
  6 cyclopes
  2 elephants (Lair:2)
  12 guardian serpents
  A fire giant skeleton (Vaults:2)
  An ice statue (IceCv)
  A torpor snail (Gauntlet)
  17 naga magi
  45 black mambas
  11 vault sentinels
  2 gargoyles
  16 cane toads
  A molten gargoyle (Volcano)
  An unseen horror (D:11)
  A komodo dragon (shapeshifter) (Vaults:4)
  A rime drake (shapeshifter) (Elf:2)
  A yaktaur (shapeshifter) (D:15)
  9 komodo dragons
  28 yaktaurs
  4 freezing wraiths
  4 rime drakes
  A tengu conjurer (D:14)
  7 trolls
  A polar bear (Lair:4)
  A jumping spider (Vaults:3)
  20 hornets
  54 slime creatures
  4 dream sheep (Lair:6)
  9 tyrant leeches
  36 blink frogs
  An air elemental (Elf:3)
  A centaur simulacrum (D:12)
  3 redbacks (Vaults:3)
  5 shadows
  18 spriggans
  5 water elementals
  4 fire elementals
  A tarantella (shapeshifter) (D:15)
  A vampire (D:13)
  7 wraiths
  4 wyverns
  An elf zombie (Vaults:3)
  54 yaks
  3 basilisks
  14 fire bats
  A steam dragon (Volcano)
  12 vampire mosquitoes
  16 swamp worms
  49 nagas
  3 demonic crawler simulacra (IceCv)
  3 hell hounds
  A warg (Orc:2)
  An acid dragon (D:9)
  4 human skeletons
  9 water moccasins
  35 orc warriors
  7 swamp drakes
  3 human zombies (Vaults:2)
  2 hornet zombies
  6 ogres
  4 boggarts
  36 wolves
  2 ugly thing simulacra (IceCv)
  19 centaurs
  3 lemures
  6 kobold brigands
  2 phantoms
  11 bullfrogs
  9 earth elementals
  2 glowing shapeshifter simulacra (IceCv)
  A wyvern zombie (D:7)
  2 scorpions
  8 killer bees (D:9)
  13 wights
  5 electric eels
  2 howler monkeys (D:13)
  A centaur skeleton (D:5)
  2 centaur zombies (D:8)
  6 lava snakes (Volcano)
  7 jellies
  Crazy Yiuf (D:2)
  A gnoll shaman (D:6)
  16 orc priests
  4 hounds
  2 bullfrog skeletons (D:7)
  Jessica (D:2)
  7 hell rats (Lair:6)
  2 iguanas
  25 orc wizards
  2 killer bee zombies
  A hound skeleton (D:5)
  7 gnolls
  A howler monkey skeleton (D:4)
  3 adders
  4 white imps
  An ufetubus (D:4)
  3 worms
  A dart slug (D:1)
  89 orcs
  5 endoplasms
  A giant cockroach (D:3)
  4 hobgoblins
  4 jackals (D:2)
  5 quokkas
  6 ball pythons
  7 bats
  2 frilled lizards
  3 goblins
  21 kobolds
  2 rats
  A bush (Lair:1)
1612 creatures vanquished.

Vanquished Creatures (collateral kills)
  the Lernaean hydra (Swamp:4)
  A tentacled monstrosity (Swamp:3)
  2 deep elf demonologists (Elf:3)
  2 deep elf high priests (Elf:3)
  A deep elf death mage (Elf:3)
  A hydra (Lair:4)
  A shambling mangrove (Swamp:1)
  An alligator (Swamp:4)
  An elephant (Lair:2)
  A vault sentinel (Vaults:1)
  A yaktaur (Vaults:1)
  A hornet (Lair:2)
  A water moccasin (Lair:4)
  A wolf (Lair:4)
16 creatures vanquished.

Vanquished Creatures (others)
  2 spriggans (Swamp:4)
  A deep elf knight (Elf:2)
  A deep elf archer (Elf:3)
  A deep elf pyromancer (Elf:3)
  A deep elf zephyrmancer (Elf:2)
  An entropy weaver simulacrum (IceCv)
  A yaktaur (Vaults:4)
  2 bloated husks
  2 hornets (Swamp:4)
  A vampire mosquito (Lair:6)
  3 humans (D:13)
  A naga (Snake:2)
  An orc priest (Orc:2)
  34 foxfires
  41 fungi
  113 plants
206 creatures vanquished.

Grand Total: 1834 creatures vanquished

Notes
Turn   | Place    | Note
-------+----------+-------------------------------------------
     0 | D:1      | MajorAdolf the Naga Wanderer began the quest for the Orb.
     0 | D:1      | MajorAdolf set off with the following items: a +0 club, a
                  | +0 robe, a potion of lignification; and the following
                  | spells available to memorise: Sting, Freeze, Frozen
                  | Ramparts, Ozocubu's Armour, Ignite Poison, Hailstorm
     0 | D:1      | Reached XP level 1. HP: 15/15 MP: 3/3
   723 | D:1      | Reached skill level 1 in Fighting
   723 | D:1      | Reached XP level 2. HP: 5/25 MP: 5/5
  2234 | D:2      | Reached XP level 3. HP: 31/31 MP: 6/6
  2806 | D:2      | You fall into a shaft and drop 2 floors!
  2928 | D:4      | Found a broken altar of Ashenzari.
  2937 | D:4      | Found a radiant altar of Vehumet.
  2958 | D:4      | Became a worshipper of Ashenzari the Shackled
  3004 | D:4      | Reached skill level 2 in Fighting
  3334 | D:4      | Reached XP level 4. HP: 10/40 MP: 7/7
  3366 | D:4      | Noticed a phantom
  3395 | D:4      | HP: 1/40 [phantom (7)]
  3397 | D:4      | Noticed a lemure
  3397 | D:4      | Noticed a lemure
  3397 | D:4      | Noticed a lemure
  3397 | D:4      | Noticed a lemure
  3398 | D:4      | Noticed Pikel
  3855 | D:3      | Reached skill level 5 in Stealth
  4128 | D:3      | Found a faded altar of an unknown god.
  4128 | D:3      | Identified Plato's Guide on Necromancy
  4229 | D:3      | Found Weist's Antique Weapon Shoppe.
  4465 | D:3      | Found an ornate altar of the Wu Jian Council.
  4635 | D:2      | Reached XP level 5. HP: 48/48 MP: 8/8
  4833 | D:2      | Reached skill level 3 in Fighting
  4855 | D:2      | Learned a level 2 spell: Passwall
  4911 | D:2      | Learned a level 3 spell: Ozocubu's Armour
  5059 | D:2      | Noticed Jessica
  5069 | D:2      | Killed Jessica
  5161 | D:2      | Learned a level 3 spell: Ignite Poison
  5209 | D:2      | Reached skill level 1 in Short Blades
  5358 | D:2      | Found a runed translucent door.
  5359 | D:2      | Noticed Crazy Yiuf
  6000 | D:4      | Reached XP level 6. HP: 56/56 MP: 9/9
  6113 | D:4      | Reached * piety under Ashenzari
  7519 | D:4      | Reached skill level 4 in Fighting
  7944 | D:4      | Found a staircase to the Ecumenical Temple.
  8120 | D:4      | Killed Pikel
  8121 | D:4      | Reached skill level 5 in Fighting
  8121 | D:4      | Reached XP level 7. HP: 46/67 MP: 8/10
  8121 | D:4      | Reached XP level 8. HP: 51/74 MP: 8/11
  8247 | D:5      | Entered Level 5 of the Dungeon
  8255 | D:5      | Reached ** piety under Ashenzari
  9845 | D:5      | Found Ohane's Weapon Emporium.
 10882 | D:5      | Reached skill level 6 in Fighting
 10882 | D:5      | Reached skill level 5 in Short Blades
 11657 | D:6      | Found a hazy altar of Hepliaklqana.
 11928 | D:6      | Reached skill level 7 in Fighting
 12011 | D:6      | Reached XP level 9. HP: 58/83 MP: 9/12
 12069 | D:6      | Identified the cursed +0 cloak "Bound Disgust" {Alch,
                  | Range} (You found it on level 2 of the Dungeon)
 12069 | D:6      | Identified the cursed +0 helmet "Insecurity of Ashenzari"
                  | {Evo, Range} (You found it on level 3 of the Dungeon)
 12069 | D:6      | Identified the cursed +0 pair of gloves of the Wild Blue
                  | Yonder {Cun, Range} (You found it on level 1 of the
                  | Dungeon)
 12069 | D:6      | Identified the cursed +0 robe of the Pangnostic Moon {Cun,
                  | Range}
 12327 | D:6      | Found a hide-covered altar of Uskayaw.
 12651 | D:7      | Noticed a cyclops
 12714 | D:7      | Reached *** piety under Ashenzari
 13238 | D:7      | Reached skill level 8 in Fighting
 14436 | D:7      | Killed a cyclops
 14688 | D:8      | Reached **** piety under Ashenzari
 14808 | D:8      | Reached skill level 9 in Fighting
 15203 | D:8      | Reached XP level 10. HP: 98/99 MP: 13/13
 16343 | D:9      | Found a transporter.
 16352 | D:9      | Found a transporter.
 16413 | D:9      | Found Xerhewn's Armour Shop.
 16415 | D:9      | Found a snail-covered altar of Cheibriados.
 16523 | D:9      | Identified the ring of Sous {rPois Will+ Str+4 Dex+6}
 16660 | D:9      | Found a sparkling altar of Nemelex Xobeh.
 17099 | D:9      | Reached skill level 10 in Fighting
 18008 | D:9      | Found a staircase to the Orcish Mines.
 18297 | D:9      | Noticed Neebert's ghost (novice OpMo)
 18363 | D:10     | Entered Level 10 of the Dungeon
 18506 | D:10     | Found a shimmering blue altar of Sif Muna.
 18773 | D:10     | Reached skill level 10 in Short Blades
 18784 | D:10     | Reached skill level 5 in Evocations
 18784 | D:10     | Reached XP level 11. HP: 105/110 MP: 11/14
 19055 | D:10     | Found Sutek's Jewellery Boutique.
 19061 | D:10     | Bought an amulet of reflection for 420 gold pieces
 19137 | D:10     | Reached skill level 11 in Fighting
 19631 | D:10     | Reached skill level 1 in Shields
 19727 | D:10     | Found Aqong's Jewellery Emporium.
 19757 | D:10     | Found Kaid's Book Shop.
 19847 | D:10     | Noticed a two-headed ogre
 19864 | D:10     | Killed a two-headed ogre
 20238 | D:10     | Found a portal to a secret trove of treasure.
 20238 | D:10     | Noticed Urug
 20680 | D:11     | Noticed a skeletal warrior
 20682 | D:11     | Noticed a skeletal warrior
 20682 | D:11     | Noticed a skeletal warrior
 20700 | D:11     | Noticed a skeletal warrior
 20731 | D:12     | Killed a skeletal warrior
 20732 | D:12     | Reached skill level 5 in Shields
 21087 | D:12     | Noticed a two-headed ogre
 21406 | D:11     | Noticed a death yak
 21406 | D:11     | Noticed a death yak
 21406 | D:11     | Noticed a death yak
 21407 | D:11     | Noticed a death yak
 21408 | D:11     | Noticed a death yak
 21424 | D:11     | Noticed a death yak
 21433 | D:11     | Noticed a death yak
 21436 | D:11     | Killed a death yak
 22483 | Orc:1    | Entered Level 1 of the Orcish Mines
 23224 | Orc:2    | Entered Level 2 of the Orcish Mines
 23224 | Orc:2    | Noticed an orc sorcerer
 23224 | Orc:2    | Found a staircase to the Elven Halls.
 23225 | Orc:2    | Killed an orc sorcerer
 23226 | Orc:2    | Reached XP level 12. HP: 120/120 MP: 15/15
 23418 | Orc:2    | Noticed an ettin
 23453 | Orc:2    | Noticed Sonja
 24588 | D:11     | Killed a death yak
 24733 | D:11     | Killed a death yak
 24747 | D:11     | Killed a death yak
 24767 | D:11     | Killed a death yak
 24788 | D:11     | Killed a death yak
 24832 | D:11     | Killed a death yak
 25031 | D:11     | Found a staircase to the Lair.
 25220 | Lair:1   | Entered Level 1 of the Lair of Beasts
 25221 | Lair:1   | Gained mutation: You can use your snake-like lower body to
                  | constrict enemies. [Naga growth]
 25221 | Lair:1   | Reached XP level 13. HP: 127/127 MP: 16/16
 25230 | Lair:1   | Found a gate leading to a gauntlet.
 25239 | Gauntlet | Entered a Gauntlet
 25239 | Gauntlet | Found a transporter.
 25239 | Gauntlet | Found a large runed translucent door.
 25239 | Gauntlet | Found a large runed translucent door.
 25239 | Gauntlet | Found a large runed translucent door.
 25239 | Gauntlet | Found a large runed translucent door.
 25239 | Gauntlet | Found a large runed translucent door.
 25239 | Gauntlet | Found a large runed translucent door.
 25239 | Gauntlet | Found a runed translucent door.
 25239 | Gauntlet | Found a runed translucent door.
 25239 | Gauntlet | Found a large runed translucent door.
 25239 | Gauntlet | Found a large runed translucent door.
 25239 | Gauntlet | Found a large runed translucent door.
 25239 | Gauntlet | Found a large runed translucent door.
 25239 | Gauntlet | Found a large runed translucent door.
 25239 | Gauntlet | Found a large runed translucent door.
 25242 | Gauntlet | Found a large runed translucent door.
 25242 | Gauntlet | Found a large runed translucent door.
 25242 | Gauntlet | Found a large runed translucent door.
 25242 | Gauntlet | Found a large runed translucent door.
 25248 | Gauntlet | Found a transporter.
 25248 | Gauntlet | Found a runed translucent gate.
 25248 | Gauntlet | Found a runed translucent gate.
 25248 | Gauntlet | Found a runed translucent gate.
 25249 | Gauntlet | Found a transporter.
 25249 | Gauntlet | Found the +9 sword of Zonguldrok {reap}
 25250 | Gauntlet | Found a transporter.
 25253 | Gauntlet | Found a transporter.
 25254 | Gauntlet | Found a transporter.
 25262 | Gauntlet | Found a transporter.
 25268 | Gauntlet | Found a transporter.
 25280 | Gauntlet | Identified the amulet "Vausufiy" {Spirit rPois rC- rCorr
                  | Dex+4}
 25282 | Gauntlet | Found a transporter.
 25283 | Gauntlet | Identified the +10 scimitar of Unoifowi {flame, rPois rC+
                  | Will+ SInv}
 25300 | Gauntlet | Found a transporter.
 25304 | Gauntlet | Found a transporter.
 25304 | Gauntlet | Identified the ring of the Fiend {rCorr Int+2 Dex+3 SInv}
 25305 | Gauntlet | Noticed a dire elephant
 25312 | Gauntlet | Found a transporter.
 25725 | Gauntlet | Noticed a minotaur
 25745 | Gauntlet | Killed a minotaur
 25746 | Gauntlet | Reached skill level 1 in Dodging
 25767 | Gauntlet | Identified the +0 plate armour "Rousuiti" {rElec rC+ Int-2
                  | Dex+6}
 25767 | Gauntlet | Identified the +3 morningstar "Gunit" {spect, Int+6 Dex+3}
 26051 | Lair:1   | Reached XP level 14. HP: 108/135 MP: 14/17
 26507 | Lair:2   | Identified the +0 robe of the Circus Animal {Will- MP+9
                  | Str+7}
 26526 | Lair:2   | Found a staircase to the Swamp.
 27418 | Lair:3   | Found a dark tunnel.
 27443 | Volcano  | Entered a volcano
 27675 | Volcano  | Reached skill level 12 in Fighting
 27695 | Volcano  | Found a radiant altar of Vehumet.
 28219 | Lair:4   | Identified a scroll of acquirement
 28298 | Lair:4   | Acquired 923 gold pieces
 28688 | Lair:3   | Reached skill level 5 in Dodging
 29463 | Lair:4   | Found a staircase to the Snake Pit.
 30550 | Lair:5   | Reached skill level 13 in Fighting
 30550 | Lair:5   | Reached XP level 15. HP: 147/147 MP: 18/18
 30783 | Lair:5   | Reached skill level 10 in Evocations
 31228 | Lair:6   | Entered Level 6 of the Lair of Beasts
 31573 | Lair:6   | Found a staircase to the Slime Pits.
 32235 | Lair:6   | Identified the Tome of Shifting Bewitchment
 32335 | Lair:6   | Reached skill level 14 in Fighting
 33017 | D:12     | Noticed Josephine
 33042 | D:12     | Killed Josephine
 33152 | D:12     | Reached skill level 1 in Armour
 33653 | D:12     | Identified the +10 quarterstaff of Affiok {drain, rN++}
 33654 | D:12     | Noticed a sphinx
 33655 | D:12     | Paralysed by a sphinx for 7 turns
 33689 | D:12     | Killed a sphinx
 33690 | D:12     | Reached XP level 16. HP: 103/159 MP: 19/19
 34078 | D:13     | Found a frozen archway.
 34083 | D:13     | Noticed Kirke
 34088 | IceCv    | Entered an ice cave
 34339 | IceCv    | Identified the Grimoire of the Glacier
 35821 | IceCv    | Found a viscous altar of Jiyva.
 35821 | IceCv    | Noticed an azure jelly
 35872 | IceCv    | Killed an azure jelly
 35935 | IceCv    | Identified the ring "Qisoc" {Ice Str+5}
 35936 | IceCv    | Identified the +2 leather armour of the Twelve Tables
                  | {*Corrode rF+++ Dex-2 SInv}
 36266 | D:13     | Killed Kirke
 36394 | D:13     | Noticed Azrael
 36404 | D:13     | Killed Azrael
 37065 | D:13     | Found a gate to the Vaults.
 37100 | D:13     | Noticed Jorgrun
 37116 | D:13     | Killed Jorgrun
 37694 | D:14     | Reached skill level 15 in Fighting
 37752 | D:14     | Reached skill level 5 in Armour
 38262 | D:15     | Entered Level 15 of the Dungeon
 39110 | D:15     | Found an ancient bone altar of Kikubaaqudgha.
 39248 | D:15     | Found a staircase to the Depths.
 39325 | D:15     | Found Kuiloer's Magic Scroll Shoppe.
 39399 | D:15     | Reached XP level 17. HP: 160/170 MP: 20/20
 39601 | D:15     | Found a radiant altar of Vehumet.
 40079 | Orc:2    | Killed Sonja
 40723 | Orc:2    | Found Nuthowk's Assorted Antiques.
 40723 | Orc:2    | Found Utonum's General Store.
 40725 | Orc:2    | Found Qoxtokyu's Distillery.
 40727 | Orc:2    | Found Tonissuf's Weapon Emporium.
 40731 | Orc:2    | Bought a wand of paralysis (8) for 72 gold pieces
 40731 | Orc:2    | Bought a wand of flame (24) for 36 gold pieces
 41875 | D:2      | Killed Crazy Yiuf
 42024 | Temple   | Entered the Ecumenical Temple
 42321 | Temple   | Fell from the grace of Ashenzari
 42321 | Temple   | Became a worshipper of the Shining One
 43373 | Swamp:1  | Entered Level 1 of the Swamp
 49098 | Swamp:2  | Reached * piety under the Shining One
 49157 | Swamp:1  | Reached skill level 1 in Invocations
 49810 | D:10     | Bought the ring of Tiebesk {rF+ Int+6 Dex+4 Slay+2} for
                  | 1250 gold pieces
 49837 | D:10     | Bought an amulet of reflection for 420 gold pieces
 50000 | Swamp:2  | Reached skill level 16 in Fighting
 50762 | Swamp:2  | HP: 7/172 [thorn hunter/volley of thorns (25)]
 52678 | Swamp:3  | Noticed a tentacled monstrosity
 52772 | Swamp:3  | Killed a tentacled monstrosity
 53470 | Swamp:3  | Reached XP level 18. HP: 169/181 MP: 21/21
 54162 | Swamp:4  | Entered Level 4 of the Swamp
 54363 | Swamp:4  | Reached ** piety under the Shining One
 55959 | Swamp:4  | Reached skill level 5 in Invocations
 57043 | Swamp:4  | Noticed the 27-headed Lernaean hydra
 57048 | Swamp:4  | Killed the 27-headed Lernaean hydra
 57158 | Swamp:4  | Got a decaying rune of Zot
 57195 | Swamp:4  | Reached skill level 10 in Dodging
 57843 | Swamp:4  | Found a runed translucent gate.
 57843 | Swamp:4  | Found a runed translucent gate.
 57843 | Swamp:4  | Found a runed translucent gate.
 57845 | Swamp:4  | Noticed Millie's ghost (adept MiFi)
 57920 | Swamp:4  | Reached *** piety under the Shining One
 58213 | Snake:1  | Entered Level 1 of the Snake Pit
 58236 | Snake:1  | Found Ahaat's General Store.
 58400 | Snake:1  | Bought a scroll of teleportation for 57 gold pieces
 58618 | Snake:1  | Found Zoafaatucs's Overcharged Wands.
 58665 | Snake:1  | Bought a wand of paralysis (25) for 459 gold pieces
 58845 | Snake:1  | Noticed Rupert
 58854 | Snake:1  | Killed Rupert
 62535 | Snake:2  | Reached XP level 19. HP: 190/190 MP: 24/24
 63355 | Snake:2  | Was forgiven by Ashenzari
 63712 | Snake:3  | Noticed Aizul
 63818 | Snake:3  | Reached skill level 15 in Evocations
 63852 | Snake:2  | Killed Aizul
 63853 | Snake:2  | Reached skill level 17 in Fighting
 64629 | Snake:3  | Noticed Roxanne
 64650 | Snake:3  | Killed Roxanne
 64923 | Snake:3  | Found Atruo's Assorted Antiques.
 65318 | Snake:3  | Found an iron altar of Okawaru.
 65445 | Snake:3  | Found Sicif's Specific Store.
 65446 | Snake:3  | Found Rananuh's General Store.
 65818 | Snake:3  | Reached **** piety under the Shining One
 66250 | Snake:4  | Entered Level 4 of the Snake Pit
 66483 | Snake:4  | Found Icailo's Book Shop.
 66486 | Snake:4  | Found Iduriubb's Armour Boutique.
 66486 | Snake:4  | Found Nuesker's General Store.
 66963 | Snake:4  | Found Qokat's Book Boutique.
 66972 | Snake:4  | Bought a scroll of immolation for 70 gold pieces
 66972 | Snake:4  | Bought a potion of curing for 60 gold pieces
 68615 | Snake:4  | HP: 5/193 [anaconda (9)]
 70288 | Snake:4  | Reached XP level 20. HP: 201/201 MP: 26/26
 70482 | Snake:4  | Reached skill level 10 in Armour
 70636 | Snake:4  | Got a serpentine rune of Zot
 71109 | Vaults:1 | Entered Level 1 of the Vaults
 71114 | Vaults:1 | Found Tusocamn's Weapon Emporium.
 72028 | Vaults:1 | Found Gahaex's Antique Armour Shop.
 72028 | Vaults:1 | Found Bime's Antique Weapon Shop.
 72039 | Vaults:1 | Found Mopig's Weapon Shop.
 72044 | Vaults:1 | Bought a pair of runed gloves for 202 gold pieces
 72044 | Vaults:1 | Bought a pair of embroidered gloves for 202 gold pieces
 72044 | Vaults:1 | Bought a jewelled ring mail for 243 gold pieces
 72044 | Vaults:1 | Identified the +1 ring mail of the Spider Nest {rPois rF-
                  | Regen+ rCorr} (You bought it in a shop on level 1 of the
                  | Vaults)
 72045 | Vaults:1 | Bought a wizard robe for 153 gold pieces
 72045 | Vaults:1 | Identified the +0 robe of Getuxkut {rElec SInv} (You bought
                  | it in a shop on level 1 of the Vaults)
 72174 | Vaults:1 | Reached ***** piety under the Shining One
 72940 | Vaults:1 | Found a runed translucent door.
 72943 | Vaults:1 | Noticed Vaocoss's ghost (adept GrFi)
 72943 | Vaults:1 | Found the +6 shillelagh "Devastator" {shatter}
 72991 | Vaults:1 | Reached skill level 10 in Invocations
 73078 | Vaults:1 | Identified the +1 helmet of Xeshyarch {rElec Slay+2}
 74175 | Vaults:1 | Killed Vaocoss's ghost
 74885 | Swamp:4  | Killed Millie's ghost
 75449 | Elf:1    | Entered Level 1 of the Elven Halls
 75986 | Elf:1    | Reached skill level 18 in Fighting
 76015 | Elf:1    | Found Vodyret's Distillery.
 76022 | Elf:1    | Bought 2 potions of heal wounds for 130 gold pieces
 76504 | Elf:1    | Acquired 874 gold pieces
 76799 | Elf:2    | Found Wypsayru's Weapon Emporium.
 77173 | Elf:2    | Reached XP level 21. HP: 199/212 MP: 29/29
 77580 | Elf:3    | Entered Level 3 of the Elven Halls
 78147 | Elf:2    | Found a runed translucent gate.
 78147 | Elf:2    | Found a runed translucent gate.
 78147 | Elf:2    | Found a runed translucent gate.
 79650 | Elf:3    | Paralysed by an air elemental for 1 turns
 79657 | Elf:3    | Paralysed by an air elemental for 1 turns
 80921 | Elf:3    | Identified the amulet of Ufuiss {Reflect Rampage SH+5}
 81332 | Elf:3    | Identified the +6 chain mail of Time Monsters {Str+3 Int+2}
 83497 | Elf:2    | Reached XP level 22. HP: 205/223 MP: 31/31
 83996 | Elf:2    | Gained mutation: You tend to lose your temper in combat.
                  | [potion of mutation]
 83997 | Elf:2    | Lost mutation: You tend to lose your temper in combat.
                  | [potion of mutation]
 83997 | Elf:2    | Gained mutation: You have a pair of small horns on your
                  | head. [potion of mutation]
 83997 | Elf:2    | Gained mutation: Your spells are a little harder to cast,
                  | but a little more powerful. [potion of mutation]
 83998 | Elf:2    | Lost mutation: Your spells are a little harder to cast, but
                  | a little more powerful. [potion of mutation]
 83998 | Elf:2    | Lost mutation: You have a pair of small horns on your head.
                  | [potion of mutation]
 83998 | Elf:2    | Gained mutation: Your tail ends in a poisonous barb.
                  | [potion of mutation]
 83998 | Elf:2    | Gained mutation: You sometimes lose the ability to read
                  | scrolls when taking damage. [potion of mutation]
 83998 | Elf:2    | Gained mutation: Your body sometimes deteriorates upon
                  | taking damage. [potion of mutation]
 83999 | Elf:2    | Lost mutation: You sometimes lose the ability to read
                  | scrolls when taking damage. [potion of mutation]
 83999 | Elf:2    | Lost mutation: Your body sometimes deteriorates upon taking
                  | damage. [potion of mutation]
 83999 | Elf:2    | Gained mutation: Your mind is acute. (Int +2) [potion of
                  | mutation]
 83999 | Elf:2    | Gained mutation: You have a pair of small horns on your
                  | head. [potion of mutation]
 83999 | Elf:2    | Lost mutation: Your mind is acute. (Int +2) [potion of
                  | mutation]
 83999 | Elf:2    | Gained mutation: You have an increased reservoir of magic.
                  | (+10% MP) [potion of mutation]
 84000 | Elf:2    | Lost mutation: Your tail ends in a poisonous barb. [potion
                  | of mutation]
 84000 | Elf:2    | Gained mutation: You are agile. (Dex +2) [potion of
                  | mutation]
 84000 | Elf:2    | Gained mutation: Your mind is acute. (Int +2) [potion of
                  | mutation]
 84139 | Orc:2    | Bought a potion of mutation for 288 gold pieces
 84139 | Orc:2    | Lost mutation: You are agile. (Dex +2) [potion of mutation]
 84139 | Orc:2    | Gained mutation: Your body sometimes deteriorates upon
                  | taking damage. [potion of mutation]
 84139 | Orc:2    | Gained mutation: Your muscles are strong. (Str +2) [potion
                  | of mutation]
 84425 | Vaults:2 | Noticed Bai Suzhen
 84455 | Vaults:2 | Killed Bai Suzhen
 84624 | Vaults:2 | Identified the +5 plate armour of Starshine {SInv}
 85431 | Vaults:2 | Found a staircase to the Crypt.
 85513 | Vaults:2 | Found Kuull's Jewellery Shop.
 85778 | Vaults:2 | Acquired the +7 quick blade "Waunlaomp" {elec, rN++ Str-2}
 86040 | Vaults:2 | Reached ****** piety under the Shining One
 86055 | Vaults:2 | Reached skill level 19 in Fighting
 87306 | Vaults:3 | Noticed Nikola
 87318 | Vaults:3 | Killed Nikola
 88212 | Vaults:3 | Reached XP level 23. HP: 227/232 MP: 36/36
 88476 | Vaults:3 | Found Uhatz's Armour Emporium.
 88523 | Vaults:3 | Bought a scarf of resistance for 640 gold pieces
 90713 | Vaults:4 | Acquired a +2 barding of cold resistance
 90741 | Vaults:5 | Entered Level 5 of the Vaults
 91671 | Vaults:5 | Noticed a golden dragon
 91992 | Vaults:4 | Killed a golden dragon
 92806 | Vaults:5 | Noticed an ancient lich
 92813 | Vaults:5 | Killed from afar by an ancient lich

Illustrated notes

Levels and vault maps discovered:
D:1:      amcnicky_arrival_choice, layout_loops_ring
D:2:      layout_loops_corners, serial_rivers, chequers_serial_rivers_micro_b,
          chequers_serial_rivers_micro_d, chequers_serial_rivers_large_a,
          chequers_serial_rivers_room_b, chequers_serial_rivers_small_a,
          hangedman_decor_slide_cut, uniq_jessica, uniq_crazy_yiuf_cottage
D:3:      layout_basic, nicolae_wu_jian_glorious_leap,
          shapermc_ecumenical_altar_rom_forum, serial_shops, shop_statue,
          hangedman_abyss_or_decor_stabs
D:4:      layout_basic, mainiacjoe_overflow_catwalk_spiral,
          minmay_temple_entry_gardened_gates, uniq_pikel
D:5:      layout_rooms, serial_shops, shop, st_stairs_4
D:6:      layout_rooms, nicolae_hepliaklqana_hazy_memory,
          mainiacjoe_overflow_catwalk
D:7:      layout_basic
D:8:      layout_loops_ring, chequers_avenue
D:9:      layout_basic, nemelex_spade_bored_becter, cheibriados_altar_1,
          hiddenorc2_lemuel, gammafunk_ghost_stat_death, serial_shops,
          shop_statue, hangedman_abyss_or_decor_lesser_grid
D:10:     layout_loops_corners, lemuel_crystal_altar,
          nicolae_trove_entry_diagonal, serial_shops, nicolae_shop_statue_plus,
          nicolae_shop_temple_entry_statues_fountains, nicolae_stop_n_shop_1,
          serial_rivers, chequers_serial_rivers_large_b,
          chequers_serial_rivers_small_a, chequers_serial_rivers_micro_b,
          chequers_serial_rivers_micro_d, kennysheep_nondescript, uniq_urug
D:11:     layout_basic, dpeg_lair_monsters
D:12:     layout_loops_corners, minmay_evil_grid, uniq_josephine
D:13:     layout_cave_pools, hangedman_vaults_entry_quadrant_bands,
          portal_ice_cave_entry_pillars_1, uniq_jorgrun, uniq_kirke, uniq_azrael
D:14:     layout_loops_ring, serial_park_tiny_2
D:15:     grunt_enter_depths_snipers, layout_loops_ring, serial_shops,
          shop_statue, nicolae_kikubaaqudgha_miasma_corner,
          nicolae_vehumet_altar_sigil
Temple:   eino_narrow_crystal_temple
Lair:1:   layout_concentric_octagons, gauntlet_entry_generic,
          minmay_lair_oklob_bushes
Lair:2:   layout_cave_pods, skrybe_swamp_entry_bodies, minivault_27
Lair:3:   layout_roguey, nicolae_volcano_entry_batcave,
          grunt_forest_large_clearings, lemuel_fruit_tree
Lair:4:   layout_hall_layers, minmay_snake_entry_spellcaster,
          nicolae_quartered_pool_little, patterned_corridor
Lair:5:   layout_layer_cave, infiniplex_staircase_pool, grunt_megastairs_2
Lair:6:   minmay_lair_end_frog_pond, layout_regular_city,
          nicolae_slime_entry_slimehenge, chequers_serial_rivers_micro_a
Swamp:1:  layout_basic_swamp, nicolae_swamp_big_swirl
Swamp:2:  layout_basic_swamp, nicolae_swamp_tree_isthmus
Swamp:3:  layout_basic_swamp, evilmike_swamp_ruin_rubble_2
Swamp:4:  grunt_swamp_rune_castle, layout_basic_swamp,
          gammafunk_ghost_hydra_chop
Snake:1:  layout_honeycomb, serial_shops, nicolae_shop_waterfront,
          nicolae_shop_overcharged_wands, uniq_rupert
Snake:2:  hangedman_cross_stitches, layout_chambers, special_room
Snake:3:  layout_chambers, serial_shops, shop_coins, basic_altar,
          nicolae_specific_store, uniq_aizul, uniq_roxanne
Snake:4:  grunt_snake_rune_pools, layout_cave_pods, minmay_shoptagon,
          serial_bayou_shore_a
Orc:1:    minmay_goldmine, layout_caves
Orc:2:    st_orc_rangers, layout_diamond_mine, uniq_sonja
Elf:1:    eino_elf_arrival_the_gate, layout_geoelf_grid, serial_shops, shop,
          minivault_28, grunt_megastairs_1
Elf:2:    elven_hall_of_blades_hangedman_original
          [nicolae_blade_entry_sentries_behind_glass], layout_gridlike,
          grunt_ministairs_4, nicolae_stop_n_shop_1, minmay_crystal_room,
          st_stairs_7, palyth_stone_intersect
Elf:3:    minmay_elf_hall_spiked, layout_gridlike, lemuel_flamethrower_1,
          grunt_megastairs_5
Vaults:1: ebering_vaults_ghost_reflecting_pool,
          hangedman_vaults_hard_town_square,
          nicolae_vaults_windows_and_doors_thing, v_alt_pattern_1,
          ontoclasm_vaults_decontamination, vaults_dpeg_spiral,
          hangedman_vaults_slither, layout_vaults_maze_snakey, serial_shops,
          shop
Vaults:2: nicolae_vaults_big_angled_halls, v_misc_5, blue_anna_dwarven_crypt,
          nicolae_vaults_ninety_degrees, v_misc_25, v_misc_15,
          nicolae_vaults_sealed_display, grunt_vaults_twisty,
          hangedman_vaults_nails, hangedman_vaults_restitches,
          ontoclasm_vaults_shuriken, nicolae_vaults_specimen_jars,
          layout_vaults_ring, serial_shops, nicolae_shop_statue_plus,
          uniq_bai_suzhen
Vaults:3: grunt_vaults_swirl, ontoclasm_vaults_idyll,
          ontoclasm_vaults_loading_screen, v_misc_13, vaults_mumra_minichess,
          dpeg_vaults_monster_box, hangedman_vaults_river_flow, v_misc_22,
          ontoclasm_vaults_gateway, layout_vaults_chaotic_city, serial_shops,
          shop, uniq_nikola
Vaults:4: ontoclasm_vaults_ring_small, v_misc_22, nicolae_vaults_asterisk,
          v_misc_2, v_rooms_4, nicolae_vaults_big_ls, vaults_room_boxed,
          vaults_dpeg_encased_lava, ontoclasm_vaults_idyll,
          ontoclasm_vaults_ligature, nicolae_vaults_diagonal_hallway_7,
          hangedman_vaults_variations, v_pattern_2, v_misc_17,
          layout_vaults_omnibox
Vaults:5

Skill      XL: |  1  2  3  4  5  6  7  8  9 10 11 12 13 14 15 16 17 18 19 20 21 22 23 |
---------------+----------------------------------------------------------------------+-----
Stealth        | 2 3 4 5 6 8 |  8.6
Fighting       | 1 2 3 5 7 9 10 11 13 14 15 16 17 18 19 | 19.7
Short Blades   | 1 4 6 8 10 | 10.0
Evocations     | 5 6 7 9 11 13 14 15 16 17 18 | 18.0
Shields        | 7 11 12 13 | 13.0
Dodging        | 2 6 8 9 10 11 12 13 14 | 14.0
Armour         | 2 5 7 8 9 10 11 12 13 | 13.0
Invocations    | 3 7 9 10 12 13 14 | 14.3
Spellcasting   | |  2.0
Transmutations | |  2.0
Ice Magic      | |  2.0
Poison Magic   | |  2.6

Action                   |  1- 3 |  4- 6 |  7- 9 | 10-12 | 13-15 | 16-18 | 19-21 | 22-24 || total
-------------------------+-------+-------+-------+-------+-------+-------+-------+-------++-------
Melee: Club              |    21 |       |       |       |       |       |       |       ||    21
       Dagger            |    46 |   161 |   320 |   894 |   890 |  2564 |  2841 |   254 ||  7970
       Double sword      |       |       |       |       |   352 |       |       |       ||   352
       Constrict         |       |       |       |       |   177 |   252 |   346 |   226 ||  1001
       Quick blade       |       |       |       |       |       |       |       |  1513 ||  1513
       Headbutt          |       |       |       |       |       |       |       |   708 ||   708
 Fire: Hunting sling     |       |    10 |     4 |       |       |       |       |       ||    14
Throw: Stone             |     3 |       |     1 |     1 |       |       |       |       ||     5
       Throwing net      |       |       |       |       |     1 |       |       |       ||     1
 Cast: Ozocubu's Armour  |       |     8 |    12 |    18 |    10 |     1 |       |       ||    49
Invok: Curse Item        |       |     2 |     4 |     1 |     1 |       |       |       ||     8
       Shatter the Chain |       |       |       |     1 |     1 |     1 |       |       ||     3
       Divine Shield     |       |       |       |       |       |     1 |     3 |     1 ||     5
       Summon Divine War |       |       |       |       |       |       |     2 |       ||     2
 Abil: Spit Poison       |    45 |    32 |    33 |    32 |     4 |     6 |     2 |       ||   154
Evoke: Wand              |       |       |       |     5 |     7 |    10 |    11 |       ||    33
       Tin of tremorston |       |       |       |       |     2 |       |       |     1 ||     3
       Phantom mirror    |       |       |       |       |       |     4 |     1 |       ||     5
       Box of beasts     |       |       |       |       |       |     3 |       |       ||     3
  Use: Potion            |       |     2 |     3 |     4 |     3 |     7 |     2 |     6 ||    27
       Scroll            |       |       |     1 |     5 |     7 |     7 |    13 |     4 ||    37
 Stab: Sleeping          |       |       |     4 |    12 |    27 |    20 |       |       ||    63
       Distracted        |       |       |       |     2 |     3 |     1 |       |       ||     6
       Petrified         |       |       |       |       |     4 |       |       |       ||     4
       Paralysed         |       |       |       |       |     1 |     3 |       |       ||     4
Armor: Robe              |    24 |    68 |   135 |   120 |       |       |   106 |    35 ||   488
       Skin              |       |    15 |     9 |    11 |       |       |       |       ||    35
       Troll leather arm |       |       |       |     5 |   248 |   108 |       |       ||   361
       Chain mail        |       |       |       |       |       |   752 |   406 |       ||  1158
       Storm dragon scal |       |       |       |       |       |       |       |   296 ||   296
Dodge: Dodged            |    40 |    76 |   118 |   120 |   270 |   228 |   249 |   147 ||  1248
Block: Tower shield      |       |       |       |   398 |  1345 |  2848 |  2532 |  1432 ||  8555
       Reflection        |       |       |       |     9 |    12 |   140 |   274 |    44 ||   479
       Other             |       |       |       |     5 |       |       |       |       ||     5
       Rpst.: Double sword |       |       |       |       |    60 |       |       |       ||    60
